Cogmind - Beta 14 @@@ ROGUE MODE // 2025.03.23 @ 20:24:03 // Winter2019/RPGLIKE Player: Lava Result: Destroyed by S-10 Pest with Light Assault Rifle Performance ------------- Evolutions (2) 1000 Regions Visited (5) 1000 Robots Destroyed (35) 175 Value Destroyed (1124) 1124 Prototype IDs (23) 460 Alien Tech Used (0) 0 Bonus (395) 395 TOTAL SCORE: 4154 Bonus ------- Follower Combat Kills 95 Aligned with FarCom 300 Cogmind --------- Core Integrity 0/600 Matter 296/300 Energy 250/250 System Corruption 0% Temperature Cool (0) Movement Walking (105) Location -8/Materials Parts ------- > --- POWER (1) -------- Ion Engine > --- PROPULSION (2) --- Improved Aluminum Leg VSS Leg > --- UTILITY (3) ------ Improved Signal Interpreter Melee Analysis Suite Graphene Brace > --- WEAPON (2) ------- Gauss Rifle Longsword +1 > --- INVENTORY (3) ---- Signal Interpreter Grenade Launcher Peak State ------------ > --- POWER ------------ Ion Engine > --- PROPULSION ------- Improved Aluminum Leg VSS Leg > --- UTILITY ---------- Improved Signal Interpreter Melee Analysis Suite Graphene Brace > --- WEAPON ----------- Gauss Rifle Longsword +1 > --- INVENTORY -------- Aluminum Leg Signal Interpreter Grenade Launcher [Rating: 31] Favorites ----------- Power Ion Engine Engine Ion Engine Propulsion Light Treads Treads Light Treads Leg Improved Aluminum Leg Utility Signal Interpreter Device Graphene Brace Processor Signal Interpreter Hackware Hacking Suite Weapon Light Cannon Energy Gun Medium Laser Ballistic Gun Light Assault Rifle Ballistic Cannon Light Cannon Launcher Grenade Launcher Slashing Weapon Longsword +1 Build | -11 -10 -10 -10 -9 -8 ------- Run | Yrd Mat Min Exi Min Mat Slots Evolved 4 | 3 . . . . 1 Power . | . . . . . . Propulsion 1 | 1 . . . . . Utility 2 | 1 . . . . 1 Weapon 1 | 1 . . . . . Parts Attached 20 | 5 6 . . 3 6 Power 1 | 1 . . . . . Engine 1 | 1 . . . . . Core . | . . . . . . Reactor . | . . . . . . Propulsion 5 | 2 . . . 2 1 Treads 2 | 2 . . . . . Leg 3 | . . . . 2 1 Wheel . | . . . . . . Hover . | . . . . . . Flight . | . . . . . . Utility 6 | . 3 . . . 3 Device 1 | . . . . . 1 Storage . | . . . . . . Processor 4 | . 2 . . . 2 Hackware 1 | . 1 . . . . Protection . | . . . . . . Artifact . | . . . . . . Weapon 8 | 2 3 . . 1 2 Energy Gun 1 | 1 . . . . . Energy Cannon . | . . . . . . Ballistic Gun 4 | 1 1 . . . 2 Ballistic Cannon 1 | . 1 . . . . Launcher 1 | . 1 . . . . Special Weapon . | . . . . . . Impact Weapon . | . . . . . . Slashing Weapon 1 | . . . . 1 . Piercing Weapon . | . . . . . . Special Melee Weapon . | . . . . . . Unidentified Prototypes . | . . . . . . Parts Lost 1 | . . . . . 1 Power . | . . . . . . Propulsion . | . . . . . . Utility 1 | . . . . . 1 Weapon . | . . . . . . Highest Loss Streak 1 | . . . . . 1 To Critical Strikes . | . . . . . . Average Slot Usage (%) 97 | . 94 100 100 100 98 Engine 13 | . 14 14 14 14 13 Treads 22 | . 28 28 28 25 . Leg 5 | . . . . 3 27 Processor 14 | . 14 14 14 14 17 Hackware 11 | . 7 14 14 14 10 Ballistic Gun 13 | . 12 14 14 12 13 Ballistic Cannon 7 | . 3 14 14 14 . Launcher 4 | . 11 . . . . Slashing Weapon 2 | . . . . 1 13 Peak Build Rating 31 | 5 9 9 10 17 31 Average Rating 11 | 4 7 9 9 10 22 On Entrance 8 | . 5 9 9 10 17 Naked Turns . | . . . . . . Heaviest Build 13 | 9 11 9 9 11 13 Greatest Support 40 | 40 40 40 40 40 25 Greatest Overweight (x) . | . . . . . . Average Overweight (x) . | . . . . . . Largest Inventory Capacity 3 | . 3 3 3 3 3 Average Capacity 2 | . . 3 3 3 3 Most Carried 3 | . 2 2 3 3 3 Average Carried 1 | . . 2 2 3 2 Final Capacity 3 | . 3 3 3 3 3 Final Carried 3 | . 2 2 3 3 2 Class Distribution -------------------- 70% | Mutant 12% | Assassin 9% | Scavenger-Assassin 8% | Skirmisher Dominant Class ---------------- Mutant | -10/Materials Mutant | -10/Mines Mutant | -10/Exiles Skirmisher | -9/Mines Assassin | -8/Materials Resources | -11 -10 -10 -10 -9 -8 ----------- Run | Yrd Mat Min Exi Min Mat Matter Collected 617 | 244 263 4 . 10 96 Remotely . | . . . . . . Salvage Created 932 | . 281 . . . 651 Parts 83 | . 33 . . 3 47 Haulers Intercepted . | . . . . . . Recyclers Shooed 2 | . . . . . 2 Parts Field Recycled . | . . . . . . Retrieved Matter . | . . . . . . Parts Self-Destructed . | . . . . . . Prevented . | . . . . . . Kills | -11 -10 -10 -10 -9 -8 ------- Run | Yrd Mat Min Exi Min Mat Combat Hostiles Destroyed 27 | . 12 . . 1 14 Melee 14 | . . . . 1 13 Guns 7 | . 6 . . . 1 Cannons 6 | . 6 . . . . Classes Destroyed 7 | . 4 . . . 3 Operator 2 | . 1 . . . 1 Watcher 6 | . 3 . . . 3 Swarmer 7 | . 6 . . . 1 Grunt 14 | . 6 . . 1 7 Sentry 3 | . . . . . 3 Hunter 2 | . . . . . 2 Heavy 1 | . . . . . 1 Best Kill Streak 6 | . 6 . . 1 5 Combat Bots Only 6 | . 6 . . 1 5 Max Kills in Single Turn 1 | . 1 . . 1 1 Gunslinging . | . . . . . . Exploded . | . . . . . . Melee 1 | . . . . 1 1 Uniques/NPCs Destroyed . | . . . . . . Combat | -11 -10 -10 -10 -9 -8 -------- Run | Yrd Mat Min Exi Min Mat Hostile Shots Fired 168 | . 44 . . 2 122 Missed 46 | . 9 . . . 37 Damage Taken 1759 | . 338 . . 24 1397 Core 1454 | . 263 . . 18 1173 Absorbed by Shields . | . . . . . . Redirected to Core 1033 | . 215 . . 18 800 Ignored by Resistances 66 | . 16 . . . 50 Core Remaining (%) 100 | 100 . . . 100 . Volleys Fired 64 | . 59 . . . 5 Largest 2 | . 2 . . . 1 Hottest 55 | . 55 . . . 28 Shots Fired 65 | . 60 . . . 5 Gun 44 | . 39 . . . 5 Cannon 20 | . 20 . . . . Launcher 1 | . 1 . . . . Special . | . . . . . . Kinetic 64 | . 59 . . . 5 Thermal . | . . . . . . Explosive 1 | . 1 . . . . Electromagnetic . | . . . . . . Robot Hit Streak 8 | . 8 . . . 2 Robot Miss Streak 2 | . 2 . . . 1 Penetration Max . | . . . . . . Secondary Targets . | . . . . . . Shots Hit Robots 91 | . 40 . . 2 49 Core Hits 41 | . 21 . . 1 19 Critical Kills . | . . . . . . Critical Parts Destroyed . | . . . . . . Critical Strikes 5 | . 1 . . . 4 Blast 1 | . 1 . . . . Sever 4 | . . . . . 4 Melee Attacks 51 | . . . . 2 49 Impact . | . . . . . . Slashing 51 | . . . . 2 49 Piercing . | . . . . . . Sneak Attacks 1 | . . . . . 1 Combat Hostiles . | . . . . . . Follow-up Attacks . | . . . . . . Damage Inflicted 2875 | . 614 3 . 102 2156 Guns 371 | . 335 . . . 36 Cannons 270 | . 270 . . . . Explosions . | . . . . . . Melee 2214 | . . . . 101 2113 Ramming 20 | . 9 3 . 1 7 Kinetic 641 | . 605 . . . 36 Thermal . | . . . . . . Explosive . | . . . . . . Electromagnetic . | . . . . . . Impact . | . . . . . . Slashing 2214 | . . . . 101 2113 Piercing . | . . . . . . Highest Corruption . | . . . . . . Average Corruption . | . . . . . . Corruption Purged . | . . . . . . Corruption Blocked . | . . . . . . Overload Shots . | . . . . . . Overflow Damage 150 | . . . . 12 138 Projectiles . | . . . . . . Explosions . | . . . . . . Melee 150 | . . . . 12 138 Knockbacks 6 | . 6 . . . . Impact . | . . . . . . Kinetic 4 | . 4 . . . . Secondary 2 | . 2 . . . . Self-Inflicted Damage . | . . . . . . Shots . | . . . . . . Rammed 4 | . 1 1 . 2 . Targets Rammed 8 | . 1 1 . 2 4 Kicked 4 | . . . . . 4 Crushed . | . . . . . . Highest Temperature 17 | . 14 . . . 17 Average Temperature 5 | . 4 . . . 8 Received Heat Transfer 633 | . 123 . . 15 495 Siege Activations . | . . . . . . Robots Corrupted . | . . . . . . Combat Hostiles . | . . . . . . Parts Fried . | . . . . . . Impact Corruptions . | . . . . . . Robots Melted . | . . . . . . Combat Hostiles . | . . . . . . Parts Melted 1 | . . . . . 1 Heat Transferred . | . . . . . . Parts Sabotaged . | . . . . . . Parts Stolen . | . . . . . . Parts Stripped . | . . . . . . Power Chain Reactions . | . . . . . . Alert | -11 -10 -10 -10 -9 -8 ------- Run | Yrd Mat Min Exi Min Mat Peak Influence 214 | . 183 21 . 63 214 Initial 24 | . . 21 . . 24 Average 35 | . 34 12 . 4 83 Maximum Alert Level 1 | . . . . . 1 Low Security (%) 99 | 100 100 100 . 100 98 Level 1 . | . . . . . 1 Level 2 . | . . . . . . Level 3 . | . . . . . . Level 4 . | . . . . . . Level 5 . | . . . . . . High Security . | . . . . . . Max Security . | . . . . . . Squads Dispatched 6 | . 1 . . . 5 Investigation 1 | . 1 . . . . Extermination . | . . . . . . Reinforcement 2 | . . . . . 2 Assault . | . . . . . . Garrison 3 | . . . . . 3 Intercept . | . . . . . . Searches Triggered . | . . . . . . Construction Impeded . | . . . . . . Haulers Reinforced . | . . . . . . Active Scanning Responses . | . . . . . . Cargo Convoy Interrupts . | . . . . . . Stealth | -11 -10 -10 -10 -9 -8 --------- Run | Yrd Mat Min Exi Min Mat Distress Signals 2 | . . . . . 2 Communications Jammed . | . . . . . . Distress Signals . | . . . . . . Times Spotted 53 | . 23 . . 2 28 Peak Tracking Total 6 | . 6 . . 2 4 Tactical Retreats 2 | . . . . . 2 Traps | -11 -10 -10 -10 -9 -8 ------- Run | Yrd Mat Min Exi Min Mat Traps Triggered . | . . . . . . Indirectly . | . . . . . . Trap Hack Attempts . | . . . . . . Triggered . | . . . . . . Disarmed 6 | . 6 . . . . Reprogrammed . | . . . . . . Reused . | . . . . . . Traps Extracted . | . . . . . . Installed . | . . . . . . Triggered . | . . . . . . Machines | -11 -10 -10 -10 -9 -8 ---------- Run | Yrd Mat Min Exi Min Mat Machines Disabled . | . . . . . . Max in Single Turn . | . . . . . . Machines Repaired . | . . . . . . Machines Dismantled . | . . . . . . Machines Sabotaged . | . . . . . . Overloaded Fab Kills . | . . . . . . Hacking | -11 -10 -10 -10 -9 -8 --------- Run | Yrd Mat Min Exi Min Mat Machines Accessed 10 | . 5 . 1 . 4 Terminals 9 | . 5 . . . 4 Fabricators . | . . . . . . Repair Stations . | . . . . . . Recycling Units . | . . . . . . Scanalyzers . | . . . . . . Garrison Access . | . . . . . . Total Hacks 35 | . 17 . 1 . 17 Successful 16 | . 4 . 1 . 11 Failed 19 | . 13 . . . 6 Catastrophic 4 | . 3 . . . 1 Database Lockouts . | . . . . . . Manual 22 | . 16 . 1 . 5 Terminals 34 | . 17 . . . 17 Fabricators . | . . . . . . Repair Stations . | . . . . . . Recycling Units . | . . . . . . Scanalyzers . | . . . . . . Garrison Access . | . . . . . . Terminal Hacks 16 | . 4 . 1 . 11 Record 1 | . . . . . 1 Branch Access Points 1 | . 1 . . . . Terminal Index 2 | . 1 . . . 1 Alert Level 1 | . . . . . 1 Unreport Threat 2 | . . . . . 2 Locate Traps 1 | . . . . . 1 Disarm Traps 1 | . 1 . . . . Dispatch Records 1 | . . . . . 1 Patrol Status 1 | . . . . . 1 Hauler Manifests 3 | . 1 . . . 2 Zone Layout 1 | . . . . . 1 Derelict Proto ID Bank 1 | . . . 1 . . Fabricator Hacks . | . . . . . . Repair Station Hacks . | . . . . . . Recycling Unit Hacks . | . . . . . . Scanalyzer . | . . . . . . Garrison Access Hacks . | . . . . . . Unauthorized Hacks . | . . . . . . Terminals . | . . . . . . Fabricators . | . . . . . . Repair Stations . | . . . . . . Recycling Units . | . . . . . . Scanalyzers . | . . . . . . Garrison Access . | . . . . . . Data Cores Recovered 1 | . . . . . 1 Used . | . . . . . . Hacking Detections 8 | . 4 . . . 4 Full Trace Events 4 | . 3 . . . 1 Feedback Events . | . . . . . . Feedback Blocked . | . . . . . . Robot Schematics Acquired . | . . . . . . Robots Built . | . . . . . . Authchips . | . . . . . . Time . | . . . . . . Total Robot Build Rating . | . . . . . . Part Schematics Acquired . | . . . . . . Parts Built . | . . . . . . Authchips . | . . . . . . Time . | . . . . . . Total Part Build Rating . | . . . . . . Parts Repaired . | . . . . . . Time . | . . . . . . Parts Recycled . | . . . . . . Recycled Matter . | . . . . . . Retrieved Matter . | . . . . . . Retrieved Components . | . . . . . . Parts Scanalyzed . | . . . . . . Part Schematics Acquired . | . . . . . . Parts Damaged . | . . . . . . Bothacking | -11 -10 -10 -10 -9 -8 ------------ Run | Yrd Mat Min Exi Min Mat Used RIF Installer . | . . . . . . Robots Hacked . | . . . . . . Non-combat . | . . . . . . Combat . | . . . . . . Robot Hacks Applied . | . . . . . . Relay Couplers Released . | . . . . . . Fabnet Peak Effective % . | . . . . . . Robots Rewired . | . . . . . . Allies Hacked . | . . . . . . Hacks Repelled . | . . . . . . Allies | -11 -10 -10 -10 -9 -8 -------- Run | Yrd Mat Min Exi Min Mat Total Allies 4 | . . 3 . 1 . Largest Group 4 | . . 3 3 4 4 Highest-Rated Group 71 | . . 40 40 71 71 Highest-Rated Ally 31 | . . 16 16 31 31 Total Orders . | . . . . . . Ally Attacks 25 | . . . . 4 21 Total Damage 262 | . . . . 43 219 Kills 3 | . . . . 1 2 Allies Corrupted . | . . . . . . Allies Melted . | . . . . . . Intel | -11 -10 -10 -10 -9 -8 ------- Run | Yrd Mat Min Exi Min Mat Robot Analysis Total . | . . . . . . Derelict Logs Recovered 3 | . . 1 . 2 . Drone Launches . | . . . . . . Drone Recoveries . | . . . . . . Exploration | -11 -10 -10 -10 -9 -8 ------------- Run | Yrd Mat Min Exi Min Mat Turns Passed 2831 | 65 946 650 342 280 548 Spaces Moved 1630 | 39 495 401 214 170 311 Core 3 | 3 . . . . . Treads 1289 | 36 495 401 214 143 . Legs 338 | . . . . 27 311 Wheels . | . . . . . . Hover . | . . . . . . Flight . | . . . . . . Fastest Speed 50 | 50 160 160 160 120 105 Average Speed 151 | 151 160 160 160 153 118 Slowest Speed 160 | 160 160 160 160 160 120 Overloaded Moves . | . . . . . . Propulsion Burnouts . | . . . . . . Robots Hopped . | . . . . . . Cave-ins Triggered . | . . . . . . Exploration Rate (%) 48 | 3 76 83 41 52 35 Regions Visited 5 Branch Regions 3 Pre-discovered Areas . | . . . . . . Known Exits Taken 4 | . 1 1 1 1 . Unknown Exits Taken 1 | 1 . . . . . Scrap Searched 1 | . . . . 1 . Spaces Dug 3 | . . . . . 3 Terrain Destroyed 14 | . 11 . . . 3 Melee 2 | . . . . . 2 Projectile 1 | . . . . . 1 AOE 11 | . 11 . . . . Terrain Rammed . | . . . . . . Walls Destroyed . | . . . . . . Machines Disabled . | . . . . . . Actions | -11 -10 -10 -10 -9 -8 --------- Run | Yrd Mat Min Exi Min Mat Total 1874 | 43 587 409 214 184 437 Wait 48 | . 16 . . 3 29 Move 1625 | 38 494 400 213 169 311 Hop . | . . . . . . Pick Up 7 | . 2 . 1 . 4 Fast Attach 9 | 5 4 . . . . Attach 2 | . . . . . 2 Detach . | . . . . . . Swap 9 | . 2 . . 3 4 Drop 5 | . 2 . . . 3 Fire 64 | . 59 . . . 5 Melee 51 | . . . . 2 49 Ram . | . . . . . . Kick 4 | . . . . . 4 Crush 4 | . 1 1 . 2 . Escape Stasis . | . . . . . . Rewire . | . . . . . . Trap . | . . . . . . Miscellaneous 46 | . 7 8 . 5 26 Route ------- -11/Scrapyard -10/Materials (discovered 3 exits: *Mat x2 / *Min) -10/Mines (discovered 3 exits: *Mat / *Exi / *Sub) -10/Exiles -9/Mines -8/Materials (discovered 1 exit: [*Fac]) History --------- Turn | Location | Event 1 | -11/Scrapyard | Upgraded with Propulsion slot (x1) 1 | -11/Scrapyard | Upgraded with Utility slot (x1) 1 | -11/Scrapyard | Upgraded with Weapon slot (x1) 26 | -11/Scrapyard | Discovered new exit (range 16) 66 | -11/Scrapyard | Entered Materials 201 | -10/Materials | Discovered new exit (range 10) 214 | -10/Materials | Identified exit to Materials 315 | -10/Materials | Build established: Mutant 610 | -10/Materials | Identified exit to Mines 822 | -10/Materials | Discovered exit to Materials (range 8) 863 | -10/Materials | Reached level 2 1012 | -10/Materials | Entered Mines 1013 | -10/Mines | Assembled infested the area 1308 | -10/Mines | Assisted by bots powering up and referring to "LRC-V3" 1398 | -10/Mines | Discovered new exit (range 9) 1428 | -10/Mines | Identified exit to Subcaves 1555 | -10/Mines | Discovered exit to Materials (range 10) 1652 | -10/Mines | Discovered new exit (range 5) 1659 | -10/Mines | Identified exit to Exiles 1662 | -10/Mines | Entered Exiles 1662 | -10/Exiles | Accompanied by 3 allies 1702 | -10/Exiles | Met 8R-AWN 1730 | -10/Exiles | Met EX-HEX 1776 | -10/Exiles | Met EX-BIN 1795 | -10/Exiles | Aligned with FarCom system 1797 | -10/Exiles | Given EX-Vault access code 1834 | -10/Exiles | Opened EX-Vault 1843 | -10/Exiles | Found Longsword +1 1879 | -10/Exiles | Warned to stay clear of 0b10 Research branches 1982 | -10/Exiles | Discovered new exit (range 14) 2003 | -10/Exiles | Identified exit to Mines 2004 | -10/Exiles | Left Exiles lab with Longsword +1 2004 | -10/Exiles | Entered Mines 2004 | -9/Mines | Accompanied by 3 allies 2022 | -9/Mines | Met a Derelict bent on vengeance 2047 | -9/Mines | Received a Mining Laser from a helpful Derelict 2107 | -9/Mines | Learned Materials trap positions 2177 | -9/Mines | Learned Materials emergency access door positions 2246 | -9/Mines | Discovered new exit (range 10) 2263 | -9/Mines | Reached level 3 2283 | -9/Mines | Identified exit to Materials 2284 | -9/Mines | Entered Materials 2284 | -8/Materials | Accompanied by 4 allies 2285 | -8/Materials | Loaded intel: 18 trap records 2286 | -8/Materials | Reached level 4 2481 | -8/Materials | Lost 3 allies 2582 | -8/Materials | Garrison activated, responded to threat 2609 | -8/Materials | Discovered new exit (range 8) 2652 | -8/Materials | Reached level 5 2660 | -8/Materials | Upgraded with Utility slot (x1) 2693 | -8/Materials | Core integrity fell below 50% 2732 | -8/Materials | Core integrity fell below 20% 2832 | -8/Materials | Destroyed by S-10 Pest with Light Assault Rifle Last Messages --------------- 02783_ Acquired 10 matter. 02785_ Acquired VSS Leg. 02787_ Dropped Aluminum Leg. 02788_ Acquired 10 matter. 02789_ Connecting with Terminal... >>Layout(Zone) Retrieving Zone 1L layout... Downloaded map data. >>Alert(Check) Current Alert Level: Low Security >>Enumerate(Patrols) Retrieving latest reported positions... Found 3 active patrol squads. Downloaded coordinate data. 02801_ R-06 Scavenger collects Particle Gun. 02805_ R-06 Scavenger collects Aluminum Leg. 02809_ R-06 Scavenger collects Dynamic Insulation System. 02819_ Slug penetrates Wall. 02831_ Destroyed Flight Unit. 02831_ S-10 Pest destroyed. Map ----- +----------------------------------------------------+ | ????????????????###%## #####?????????????????????? | | ????????????????# =[# #?????????????????????? | | ????????????????# !=# "T" #?????????????????????? | | ????????????????# =%# #?????????????????????? | | ????????????????#![!+! !!! #?????????????????????? | | ????????????????# !=# !! #?????????????????????? | | ??????###???????# # !! #?????????????????????? | | ??????#% ####%[ ########?????????????????????? | | ?????#% ###########?###########??????? | | ?????#% + #?# """ #??????? | | ?????#% "" !! # """ #?# """ #??????? | | ?????#% "" !] # """ #?# """ #??????? | | ?????##% "T # """ #?# +??????? | | ?????##### "" ^ # #?# """ #??????? | | ?????????# "" / """ #?# "R #??????? | | ?????????# ^ # """ ### """ #??????? | | ?????????#^ ^ a# """ + + % #??????? | | ?????????#[g[^ """ # ###+#########??????? | | ???????#?#[[[ """ ############ ######### ?? | | ??????? ##[[^[ """ # # ^^ ? | | ???????### """ # % # ^^ ? | | ???????# #%% rr # k^ a ? | | ?###???# m #u""" """ + ###+#########?? | | ## #???# u + """[""" # #?????????????? | | #???# % # """%""" # < #?????????????? | | ""#???## ###########ss @ # #?????????????? | | *T"#????# #?????????# #####?????????????? | | %""#????# #?????????##;########?????????????????? | | [[ #???## ##?##????## ##????????????????????????? | | !#???## %### ######;##?????????????????????????? | | +#######[ %%##### ##??????????????????????????? | | [ %%[ #???????????????????????????? | | %!]!%!= #???????????????????????????? | | +####### = !##### #???????????????????????????? | | !#?######???######???????????????????????????? | | #???????????????????????????????????????????? | | "T" #???????????????????????????????????????????? | | #???????????????????????????????????????????? | | ######???????????????????????????????????????????? | | | | | | | | | | | | | | | | | | | | | | | +----------------------------------------------------+ Best States ------------- Heat Dissipation 25 Energy Generation 10 Energy Capacity 250 Matter Stores 300 Matter Capacity 300 Sight Range 16 Robot Scan Range 18 Terrain Scan Density 10 Resistance: KI 5 Evasion (%) 55 Targeting Accuracy 5 Melee Accuracy 5 Recoil Reduction 2 Offensive Hacking 10 Item Schematics ----------------- None Robot Schematics ------------------ None Fabricated ------------ Nothing Alien Tech Used ----------------- None Achievements -------------- None Challenges ------------ None RPGLIKE | -11 -10 -10 -10 -9 -8 --------- Run | Yrd Mat Min Exi Min Mat Levels Raised 4 | . 1 . . 1 2 XP Earned 10041 | 3000 1535 500 350 827 3829 XP Spent 8800 | 3000 1500 . . 1400 2900 Upgrades 24 | 13 3 . . 4 4 Propulsion Slot 1 | 1 . . . . . Utility Slot 2 | 1 . . . . 1 Weapon Slot 1 | 1 . . . . . Inventory Capacity 3 | . 3 . . . . Sensor Range 9 | 9 . . . . . Melee Accuracy 7 | . . . . 4 3 KI Resistance % 1 | 1 . . . . . Protomatter Created 433 | . 117 . . 44 272 Integrity Restored 940 | . 146 141 . 80 573 Core 854 | . 109 141 . 31 573 Parts 86 | . 37 . . 49 . Protomatter Decayed 134 | . 47 51 . . 36 Game ------ Seed TargetingMassImmobilizer Manual? 0 Play Time 00:23:17 Cumulative 32.1 hours Start 2025.03.23 @ 15:03:52 End 2025.03.23 @ 20:24:03 Sessions 3 Manual Loads 0 Difficulty Rogue Special Mode Winter2019/RPGLIKE Game No. 53 Rogue 53 Adventurer 0 Explorer 0 Win Type - Total 0 Types 0/0/0/0/0/0/0/0/0 Lore% 13 Gallery% 25 Achievement% 28 Wizard Run 0 Options --------- Layout 0 ASCII 0 Keyboard 0 Movement Mouse Keybinds 0 Fullscreen 1 Font 24/Smallcaps Map View 76x56 Zoom Use 0% Tactical HUD 1 Map Filters NONE Filters NONE Steam 1 RUN: a963b1f4-3146-45aa-99f2-fcc5daf3ce24